 Dungeon Crawl Stone Soup version 0.18.1-50-g88ac8fd (webtiles) character file.

440 urga the Martial Artist (level 6, 0/51 HPs)
             Began as a Draconian Monk on Oct 20, 2016.
             Slain by a rat (1 damage)
             ... on level 4 of the Dungeon.
             The game lasted 00:08:48 (3322 turns).

urga the Martial Artist (Draconian Monk)            Turns: 3322, Time: 00:08:49

Health: 0/51       AC:  6    Str: 13    XL:     6   Next: 70%
Magic:  15/15      EV: 13    Int: 10    God:
Gold:   205        SH:  0    Dex: 16    Spells: 0 memorised, 5 levels left

rFire  . . .     SeeInvis .       - Unarmed
rCold  . . .     Gourm    .     (armour unavailable)
rNeg   . . .     Faith    .     (no shield)
rPois  .         Spirit   .     (helmet restricted)
rElec  .         Dismiss  .     (no cloak)
rCorr  .         Reflect  .     (no gloves)
SustAt .         Harm     .     (no boots)
MR     .....                    (no amulet)
Stlth  ++........               (no ring)
                                n - ring of magical power

@: lethally poisoned (0 -> -2), not resistant to hostile enchantments,
unstealthy
A: unfitting armour, cold-blooded, AC +6
a: no special abilities


You were on level 4 of the Dungeon.
You were not hungry.

You visited 1 branch of the dungeon, and saw 4 of its levels.
You also visited: Ossuary.

You collected 205 gold pieces.

Inventory:

Jewellery
 n - a ring of magical power (left hand)
Wands
 m - a wand of digging (7/24)
Scrolls
 e - a scroll of remove curse
Potions
 g - a potion of resistance
Comestibles
 a - 2 bread rations
 i - 2 meat rations
 j - a slice of pizza
 k - 3 fruits
 l - 2 chunks of flesh


   Skills:
 - Level 3.3 Fighting
 - Level 2.7 Dodging
 - Level 1.8 Stealth
 * Level 8.1 Unarmed Combat


You had 5 spell levels left.
You didn't know any spells.

Dungeon Overview and Level Annotations

Branches:
Dungeon (4/15)
 Temple: D:4-7

Altars:
Cheibriados
Dithmenos
Elyvilon
Xom
Zin

Shops:
D:3 *


Innate Abilities, Weirdness & Mutations

Your plain brown scales are hard (AC +6).
Your body does not fit into most forms of armour.
You are cold-blooded and may be slowed by cold attacks.


Message History

Press: ? - help, Shift-Dir - straight line Nothing appears to happen.
Evoking this partially-identified wand wasted a few charges.
You are too injured to fight recklessly!
Drink which item? (? for menu, Esc to quit)
Okay, then.
Read which item? (? for menu, Esc to quit)
Okay, then.
The gnoll zombie hits you.
* * * LOW HITPOINT WARNING * * *
Welcome back to the Dungeon!
The adder bites you.
* * * LOW HITPOINT WARNING * * *
The rat barely misses you. The adder bites you.
* * * LOW HITPOINT WARNING * * *
There is a collapsed entrance here.
You miss the adder. The adder bites you.
* * * LOW HITPOINT WARNING * * *
You are lethally poisoned!
The adder poisons you! The rat bites you.
You die...

##...†.....#.....#.........#
.................#.........#
......?..........#.........#
....>............#.........#
.......##........#.........#
......######...........#
......# #.l..8....... ..S..(
###.......... ..##.#
#8.@.8..... #......Sr......
........8.......
......##.#...... .#....
#.#....## #.... #.#....#
#.... #.# #### #... ..#


You could see an adder, a giant newt and a rat.

Vanquished Creatures
  An ogre (D:4)
  2 vampire bats (D:4)
  A crimson imp (D:4)
  A hound (D:4)
  2 mummies (Ossuary)
  4 adders
  An ooze (D:3)
  4 worms
  6 dart slugs
  4 giant geckos
  4 orcs (D:3)
  2 ball pythons
  3 giant cockroaches
  6 goblins
  9 hobgoblins
  14 jackals
  19 kobolds
  A quokka (D:2)
  17 bats
  2 giant newts
  A kobold zombie (Ossuary)
  7 rats
111 creatures vanquished.

Notes
Turn   | Place    | Note
--------------------------------------------------------------
     0 | D:1      | urga the Draconian Monk began the quest for the Orb.
     0 | D:1      | Reached XP level 1. HP: 19/19 MP: 1/1
   390 | D:1      | Reached XP level 2. HP: 23/26 MP: 2/2
   818 | D:2      | Reached skill level 5 in Unarmed Combat
   818 | D:2      | Reached XP level 3. HP: 31/31 MP: 3/3
  1232 | D:2      | Found a shadowy altar of Dithmenos.
  1558 | D:2      | Reached XP level 4. HP: 38/38 MP: 4/4
  2166 | D:3      | Found Zin's Purification Station.
  2171 | D:3      | Found a glowing silver altar of Zin.
  2427 | D:3      | Reached skill level 6 in Unarmed Combat
  2691 | D:3      | Found a white marble altar of Elyvilon.
  2883 | D:3      | Found a shimmering altar of Xom.
  2968 | D:3      | Reached XP level 5. HP: 41/45 MP: 5/5
  3049 | D:4      | Reached skill level 7 in Unarmed Combat
  3085 | D:4      | Found a snail-covered altar of Cheibriados.
  3087 | D:4      | Noticed an ogre
  3113 | D:4      | Killed an ogre
  3113 | D:4      | Reached XP level 6. HP: 37/51 MP: 6/6
  3269 | D:4      | Found a sand-covered staircase.
  3278 | Ossuary  | Entered an ossuary
  3306 | Ossuary  | Reached skill level 8 in Unarmed Combat
  3321 | D:4      | HP: 2/51 [adder (2)]
  3322 | D:4      | Slain by a rat

Skill      XL: |  1  2  3  4  5  6 |
---------------+-------------------+-----
Unarmed Combat | 5 6 7 8 |  8.1
Fighting       | |  3.3
Dodging        | |  2.7
Stealth        | |  1.8

Action                   |  1- 3 |  4- 6 || total
-------------------------+-------+-------++-------
Melee: Unarmed           |   143 |   212 ||   355
       Tailslap          |    15 |    35 ||    50
       Punch             |     1 |     7 ||     8
Evoke: Wand              |       |     2 ||     2
  Use: Potion            |       |     3 ||     3
       Scroll            |       |     5 ||     5
 Stab: Sleeping          |     5 |     7 ||    12
       Distracted        |       |     1 ||     1
  Eat: Chunk             |     2 |     7 ||     9
Armor: Skin              |    33 |    85 ||   118
Dodge: Dodged            |   102 |   201 ||   303
